 Dungeon Crawl Stone Soup version 0.29-a0-359-g541a27f54d (webtiles) character file.

Game seed: 2364543799250634364

90 zeratav the Shooter (level 4, -1/26 HPs)
             Began as a Tengu Hunter on Apr 27, 2022.
             Slain by a steam dragon (8 damage)
             ... on level 4 of the Dungeon.
             The game lasted 00:02:41 (957 turns).

zeratav the Shooter (Tengu Hunter)                   Turns: 957, Time: 00:02:42

Health: -1/26      AC:  3    Str: 17    XL:     4   Next: 56%
Magic:  5/5        EV: 12    Int:  9    God:
Gold:   98         SH:  0    Dex: 20    Spells: 3/3 levels left

rFire   . . .      SeeInvis .   d - +4 shortbow (freeze) {bow}
rCold   . . .      Faith    .   (shield currently unavailable)
rNeg    . . .      Spirit   .   b - +0 leather armour
rPois   .          Reflect  .   (helmet restricted)
rElec   .          Harm     .   (no cloak)
rCorr   .          Rampage  .   (no gloves)
Will    .....                   (boots unavailable)
Stlth   ++........              (no amulet)
HPRegen 0.08/turn               k - +6 ring of strength
MPRegen 0.09/turn               (no ring)

@: no status effects
A: beak, talons 3
a: no special abilities


You were on level 4 of the Dungeon.
You visited 1 branch of the dungeon, and saw 3 of its levels.

You collected 98 gold pieces.


Innate Abilities, Weirdness & Mutations

You have a beak for a mouth.
You have claws for feet.


   Skills:
 - Level 2.0 Fighting
 + Level 6.4 Bows
 - Level 2.1 Dodging
 - Level 1.0 Stealth


You had 3 spell levels left.
You didn't know any spells.
Your spell library was empty.

Inventory:

Hand Weapons
 a - a +1 shortbow {bow}
 d - a +4 shortbow of freezing (weapon) {bow}
   (You acquired it on level 4 of the Dungeon)
 n - a +1 dagger of venom {short}
   (You took it off a goblin on level 2 of the Dungeon)
Armour
 b - a +0 leather armour (worn)
Jewellery
 e - a ring of wizardry
   (You found it on level 1 of the Dungeon)
 k - a +6 ring of strength (left hand)
   (You found it on level 2 of the Dungeon)
Scrolls
 c - 2 scrolls of immolation {!r!r}
 i - a scroll of vulnerability {!r!r}
 j - a scroll of fear
 m - a scroll of enchant weapon {unknown}
Potions
 l - 2 potions of curing {unknown}
 o - a potion of brilliance {unknown}
 p - a potion of ambrosia {unknown}
 q - a potion of haste {unknown}

Dungeon Overview and Level Annotations

Branches:
Dungeon (2/15)

Altars:

#### .....)
....####.....
##..........
...........
#........ #.......
#!....D####+#####
#...$..@........#
.................#
.................#
...#.##..........#
.. #. ######.#####
. # #.# #.# #.#
#.#


You could see a steam dragon (catching breath).


Message History

i - a scroll of vulnerability
As you read the scroll of identify {@r1}, it crumbles to dust.
j - a scroll of fear You shoot an arrow.
The arrow hits the adder.
You shoot an arrow. The arrow hits the adder.
The adder bites you but does no damage.
You shoot an arrow.
The arrow hits the adder but does no damage.
The adder bites you.
HP[-2]
You take 2 damage, and now have 19/21 hp.
You shoot an arrow. The arrow hits the adder!
You kill the adder!
No target in view!
No target in view!
No target in view!
No target in view!
Something appears before you!
Your +4 shortbow of freezing {bow} is covered in frost.
d - a +4 shortbow of freezing (weapon)
{bow} A hound comes into view.
HP[+2]
Your hp is fully restored (21).
You shoot an arrow. The arrow hits the hound.
The arrow freezes the hound.
The hound barks!
You hear a shout!
You shoot an arrow. The arrow hits the hound.
The arrow freezes the hound.
The hound pauses to sniff the ground.
You shoot an arrow. The arrow hits the hound.
The arrow freezes the hound.
You kill the hound!
Your Bows skill increases to level 6!
You have reached level 4!
You feel agile.
HP[+5] MP[+1]
You now have 26 max hp (+5).
Your hp is fully restored (26).
Your mp is fully restored (5).
You see here a hound corpse.
An ufetubus comes into view.
You shoot an arrow. The arrow closely misses the ufetubus.
You shoot an arrow. The arrow hits the ufetubus.
You shoot an arrow. The arrow hits the ufetubus.
You kill the ufetubus!
A goblin comes into view. It is wielding a +0 dagger.
You shoot an arrow. The arrow barely misses the goblin.
The goblin shouts!
You shoot an arrow. The arrow hits the goblin.
The arrow freezes the goblin.
You kill the goblin!
No target in view!
No target in view!
No target in view!
No target in view!
A ball python comes into view.
You shoot an arrow. The arrow hits the ball python!
The arrow freezes the ball python.
You kill the ball python!
No target in view!
No target in view!
No target in view!
No target in view!
No target in view!
You now have 98 gold pieces (gained 12).
A steam dragon comes into view.
You shoot an arrow.
The arrow hits the steam dragon but does no damage.
The steam dragon hisses angrily.
You shoot an arrow. The arrow hits the steam dragon!
The arrow freezes the steam dragon.
You shoot an arrow. The arrow hits the steam dragon!
The arrow freezes the steam dragon.
Shoot: d) +4 shortbow (freeze) {bow}
Press: ? - help, Q - select action Shift-Dir - straight line, f/p - steam dragon
Aim: a steam dragon (heavily wounded, 70% to hit)
You shoot an arrow.
The arrow closely misses the steam dragon.
The steam dragon breathes steam at you. The ball of steam hits you!!
Ouch! That really hurt!
* * * LOW HITPOINT WARNING * * *
HP[-19]
You take 19 damage, and now have 7/26 hp.
MASSIVE DAMAGE!! (PAUSE) Unknown command.
Shoot: d) +4 shortbow (freeze) {bow}
Press: ? - help, Q - select action Shift-Dir - straight line, f/p - steam dragon
Aim: a steam dragon (heavily wounded, catching its breath, 70% to hit)
You shoot an arrow. The arrow hits the steam dragon.
The arrow freezes the steam dragon.
Shoot: d) +4 shortbow (freeze) {bow}
Press: ? - help, Q - select action Shift-Dir - straight line, f/p - steam dragon
Aim: a steam dragon (severely wounded, catching its breath, 70% to hit)
You shoot an arrow.
The arrow hits the steam dragon but does no damage.
The steam dragon closely misses you.
The steam dragon claws you but does no damage.
Shoot: d) +4 shortbow (freeze) {bow}
Press: ? - help, Q - select action Shift-Dir - straight line, f/p - steam dragon
Aim: a steam dragon (severely wounded, catching its breath, 70% to hit)
You shoot an arrow.
The arrow hits the steam dragon but does no damage.
The steam dragon bites you!
You die...

Skill      XL: |  1  2  3 |
---------------+----------+-----
Bows           | 5 6 |  6.4
Fighting       | |  2.0
Dodging        | |  2.1
Stealth        | |  1.0

Action                   |  1- 3 |  4- 6 || total
-------------------------+-------+-------++-------
 Fire: Shortbow          |    73 |    13 ||    86
  Use: Scroll            |     4 |       ||     4
Armor: Leather armour    |     1 |     1 ||     2
Dodge: Dodged            |     7 |     1 ||     8

Levels and vault maps discovered:
D:1:      lemuel_arrival_hallway, layout_loops_ring,
          corexii_item_surrounded_by_moat
D:2:      layout_basic, basic_altar, chequers_ecumenical_altar_grove
D:4:      layout_basic

Notes
Turn   | Place    | Note
-------+----------+-------------------------------------------
     0 | D:1      | zeratav the Tengu Hunter began the quest for the Orb.
     0 | D:1      | Reached XP level 1. HP: 12/12 MP: 2/2
     0 | D:1      | magus.rc [v1.9.6]
   126 | D:1      | Reached XP level 2. HP: 17/17 MP: 3/3
   149 | D:1      | Reached skill level 5 in Bows
   305 | D:1      | Reached XP level 3. HP: 21/21 MP: 4/4
   877 | D:2      | You fall into a shaft and drop 2 floors!
   878 | D:4      | Identified a scroll of acquirement
   885 | D:4      | Acquired a +4 shortbow of freezing
   924 | D:4      | Reached skill level 6 in Bows
   924 | D:4      | Reached XP level 4. HP: 26/26 MP: 5/5
   949 | D:4      | Noticed a steam dragon
   957 | D:4      | Slain by a steam dragon

Vanquished Creatures
  A hound (D:4)
  An adder (D:4)
  An ufetubus (D:4)
  A dart slug (D:1)
  4 bats
  5 endoplasms
  2 giant cockroaches (D:1)
  5 goblins
  3 hobgoblins
  3 jackals (D:1)
  5 ball pythons
  2 frilled lizards (D:1)
  4 kobolds
  3 rats
40 creatures vanquished.

Table legend:
 A = Non-vault XP
 B = Vault XP
 C = Vault XP percentage of total XP
 D = Non-vault monster count
 E = Vault monster count
 F = Vault count percentage of total count
                 A         B        C        D         E       F
            +---------+---------+-------+---------+---------+-------
      Total |     129 |       0 |   0.0 |      40 |       0 |   0.0
            +---------+---------+-------+---------+---------+-------
        D:1 |      39 |       0 |   0.0 |      23 |       0 |   0.0
        D:2 |      22 |       0 |   0.0 |      12 |       0 |   0.0
        D:4 |      68 |       0 |   0.0 |       5 |       0 |   0.0
            +---------+---------+-------+---------+---------+-------

Illustrated notes

Table legend:
 A = Kills in this place as a percentage of kills in entire the game.
 B = Kills by you in this place as a percentage of kills by you in the entire game.
 C = Kills by friends in this place as a percentage of kills by friends in the entire game.
 D = Other kills in this place as a percentage of other kills in the entire game.
 E = Experience gained in this place as a percentage of experience gained in the entire game.
 F = Experience gained in this place divided by the number of levels of this place that you have seen.
                   A       B       C       D       E      F
               +-------+-------+-------+-------+-------+----------------------
         Total | 100.0 | 100.0 |   N/A |   N/A | 100.0 |  43.0
       Dungeon | 100.0 | 100.0 |   N/A |   N/A | 100.0 |  43.0
               +-------+-------+-------+-------+-------+----------------------

Table legend: (Time is in decaauts)
 A = Elapsed time spent in this place.
 B = Non-inter-level travel time spent in this place.
 C = Inter-level travel time spent in this place.
 D = Time resting spent in this place.
 E = Time spent auto-exploring this place.
 F = Levels seen in this place.
 G = Mean time per level.
                   A        B        C        D        E       F      G
               +--------+--------+--------+--------+--------+-----+--------+
         Total |    977 |    975 |      2 |      0 |    794 |   3 |  325.7 |
       Dungeon |    977 |    975 |      2 |      0 |    794 |   3 |  325.7 |
               +--------+--------+--------+--------+--------+-----+--------+

Top non-repeatable levels by time:
     D:1: 579 daAuts
     D:2: 314 daAuts
     D:4: 83 daAuts
